 Dungeon Crawl Stone Soup version 0.29.1-13-g9f3cf754e1 (webtiles) character file.

Game seed: 15120679243008902828

11 Hrothgar the Sneak (level 2, -14/25 HPs)
             Began as a Hill Orc Brigand on Feb 10, 2023.
             Was a Follower of Fedhas.
             Killed by an exploding jackal (24 damage)
             ... ignited by their inner flame
             ... on level 1 of the Dungeon.
             The game lasted 00:02:55 (504 turns).

Hrothgar the Sneak (Hill Orc Brigand)                Turns: 504, Time: 00:02:55

Health: -14/25     AC:  3    Str: 13    XL:     2   Next: 25%
Magic:  2/2        EV: 11    Int: 11    God:    Fedhas [*.....]
Gold:   33         SH:  0    Dex: 12    Spells: 1/1 levels left

rFire   . . .      SeeInvis .   a - +3 dagger
rCold   . . .      Faith    .   (no shield)
rNeg    . . .      Spirit   .   b - +0 robe
rPois   .          Reflect  .   (no helmet)
rElec   .          Harm     .   c - +0 cloak
rCorr   .          Rampage  .   (no gloves)
Will    .....                   (no boots)
Stlth   ++........              (no amulet)
HPRegen 0.08/turn               (no ring)
MPRegen 0.08/turn               (no ring)

@: no status effects
A: no striking features
a: Renounce Religion


You were on level 1 of the Dungeon.
You worshipped Fedhas.
Fedhas was aware of your devotion.
You visited 1 branch of the dungeon, and saw 1 of its levels.

You collected 33 gold pieces.

Inventory:

Hand Weapons
 a - a +3 dagger (weapon)
Missiles
 d - 7 poisoned darts (quivered)
 e - 3 curare-tipped darts
Armour
 b - a +0 robe (worn)
 c - a +0 cloak (worn)
Scrolls
 k - a scroll of magic mapping
Potions
 f - 2 potions of lignification {unknown}
 g - a potion of resistance {unknown}
 i - a potion of flight {unknown}


   Skills:
 * Level 2.4 Fighting
 * Level 2.0 Short Blades
 * Level 1.8 Throwing
 * Level 0.4 Armour
 * Level 0.8 Dodging
 * Level 3.5 Stealth
 * Level 0.1 Spellcasting


You had one spell level left.
You didn't know any spells.
Your spell library contained the following spells:

 Spells                   Type           Power      Damage    Failure   Level
 Conjure Flame            Conj/Fire      0%         6-21      71%         3
 Ignite Poison            Fire/Tmut/Pois 0%         N/A       71%         3
 Sticky Flame             Conj/Fire      0%         2d3       98%         4


Dungeon Overview and Level Annotations

Branches:
Dungeon (1/15)

Altars:
Fedhas


Message History

The jackal attacks as you move away! The jackal closely misses you.
The rat twitches its whiskers.
The jackal attacks as you move away! The jackal barely misses you.
The jackal bites you.
You see here a dart slug corpse.
The jackal misses you. The jackal misses you. The jackal closely misses you.
The jackal attacks as you move away! The jackal bites you.
The jackal attacks as you move away! The jackal bites you.
The jackal bites you but does no damage.
The jackal bites you.
Okay, then.
The jackal attacks as you move away!
The jackal bites you but does no damage.
The jackal attacks as you move away! The jackal misses you.
The jackal bites you but does no damage.
The jackal attacks as you move away! The jackal completely misses you.
The jackal bites you but does no damage.
As you read the scroll labelled KEECEN VAREK, it crumbles to dust.
Your body is wracked with pain!
The jackal convulses!
Flame seeps out of the jackal.
The jackal convulses!
Flame seeps out of the jackal.
The quokka convulses!
Flame seeps out of the quokka.
The jackal convulses!
Flame seeps out of the jackal.
It was a scroll of torment.
The jackal is engulfed in blazing flames.
Fedhas appreciates your contribution to the ecosystem.
The jackal explodes!
The fiery explosion engulfs the quokka!!
Fedhas appreciates your contribution to the ecosystem.
The quokka explodes!
The fiery explosion engulfs the jackal!!
Fedhas appreciates your contribution to the ecosystem.
The jackal explodes!
The fiery explosion engulfs the jackal!!
Fedhas appreciates your contribution to the ecosystem.
The jackal explodes!
The fiery explosion engulfs you!!
Ouch! That really hurt!
You die...
Fedhas appreciates your contribution to the ecosystem.

#.# ###.(.?.......
#.###...h........#
#.#h..#..........#
#§#h####..........
#§○.r..r$........#
#○###########.#..[
#○# *###***,.#.##
#○# ##..,,,,,*#,*
#@# #..***#####.#
#.# #.####......#
#.###......#....#
#.....#****#....#
#####.# #^...# #.#
#..).#
###.######....##
##......##.......
##..............##


There were no monsters in sight!

Vanquished Creatures
  A dart slug (D:1)
  2 bats (D:1)
  A giant cockroach (D:1)
  2 goblins (D:1)
  3 jackals (D:1)
  2 quokkas (D:1)
  A frilled lizard (D:1)
12 creatures vanquished.

Notes
Turn   | Place    | Note
-------+----------+-------------------------------------------
     0 | D:1      | Hrothgar the Hill Orc Brigand began the quest for the Orb.
     0 | D:1      | Reached XP level 1. HP: 18/18 MP: 1/1
    72 | D:1      | Found a faded altar of an unknown god.
   145 | D:1      | Prayed at the altar of an unknown god.
   145 | D:1      | Became a worshipper of Fedhas Madash
   145 | D:1      | Reached * piety under Fedhas
   422 | D:1      | Reached XP level 2. HP: 25/25 MP: 2/2
   504 | D:1      | Killed by an exploding jackal... ignited by their inner
                  | flame

Illustrated notes

Levels and vault maps discovered:
D:1:      psy_arrival_dodecagon, layout_rooms, shapermc_ecumenical_altar_gd,
          minmay_tetromino_i2

Action                   || total
-------------------------++-------
Melee: Dagger            ||    16
       Punch             ||     1
Throw: Dart              ||     7
  Use: Scroll            ||     5
 Stab: Sleeping          ||     1
Armor: Robe              ||    10
Dodge: Dodged            ||    15
